 Dungeon Crawl Stone Soup version 0.29-a0-732-g3d7fbe0af2 (webtiles) character file.

Game seed: 14078854991038972930

632 buhh the Trooper (level 7, -3/52 HPs)
             Began as an Octopode Transmuter on June 29, 2022.
             Slain by a water moccasin (8 damage)
             ... on level 4 of the Dungeon.
             The game lasted 00:12:40 (7155 turns).

buhh the Trooper (Octopode Transmuter)              Turns: 7155, Time: 00:12:41

Health: -3/52      AC:  2    Str: 10    XL:     7   Next: 49%
Magic:  7/10       EV: 21    Int: 23    God:
Gold:   224        SH:  0    Dex: 17    Spells: 4/10 levels left

rFire   + . .      SeeInvis .     - Unarmed
rCold   + + .      Faith    .   (shield currently unavailable)
rNeg    + . .      Spirit   .   (helmet currently unavailable)
rPois   .          Reflect  .   (no amulet)
rElec   +          Harm     .   d - ring of protection from cold
rCorr   +          Rampage  .   h - +6 ring of intelligence
Will    .....                   n - ring of positive energy
Stlth   ++........              (no ring)
HPRegen 0.17/turn               (no ring)
MPRegen 0.12/turn               (no ring)
                                (no ring)
                                (no ring)

@: spider-form (expiring), resistant, attractive
A: venomous fangs, almost no armour, (amphibious), 8 rings, tiny, (camouflage
1), (gelatinous body 1), (nimble swimmer 1), (tentacles)
a: End Transformation


You were on level 4 of the Dungeon.
You were a venomous arachnid creature.
You visited 1 branch of the dungeon, and saw 4 of its levels.

You collected 224 gold pieces.

Inventory:

Missiles
 c - 7 poisoned darts
Jewellery
 d - a ring of protection from cold (left front leg)
 g - a ring of ice
 h - a +6 ring of intelligence (right front leg)
 i - a +4 ring of protection
 n - a ring of positive energy (on tentacle)
Scrolls
 a - a scroll of noise
 Q - a scroll of fog
Potions
 e - 2 potions of attraction
 f - a potion of might {unknown}
 j - a potion of brilliance {unknown}
 m - a potion of mutation {unknown}
 L - a potion of resistance {!q!d}
 N - 2 potions of curing {!q!d}


   Skills:
 - Level 6.0 Fighting
 * Level 4.0 Dodging
 - Level 1.0 Stealth
 - Level 3.0 Unarmed Combat
 - Level 2.0 Spellcasting
 * Level 4.0 Transmutations


You had 4 spell levels left.
You knew the following spells:

 Your Spells              Type           Power      Damage    Failure   Level
a - Beastly Appendage     Tmut           40%        N/A       10%         1
b - Wereblood             Tmut           20%        N/A       12%         2
c - Spider Form           Tmut/Pois      11%        N/A       36%         3

Your spell library contained the following spells:

 Spells                   Type           Power      Damage    Failure   Level
 Magic Dart               Conj           8%         1d3       30%         1
 Call Imp                 Summ           2%         N/A       38%         2
 Dazzling Flash           Conj/Hex       4%         N/A       58%         3
 Mephitic Cloud           Conj/Pois/Air  2%         N/A       58%         3
 Ice Form                 Ice/Tmut       11%        N/A       71%         4
 Agony                    Necr           2%         N/A       99%         5
 Silence                  Hex/Air        1%         N/A       99%         5


Dungeon Overview and Level Annotations

Branches:
Dungeon (4/15) Zot: 16848
 Temple: D:4-7

Altars:
Gozag
Makhleb
Vehumet

Annotations:
D:3 2 runed translucent doors, blackman's ghost, amateur HOMo
D:4 1 transporter, exclusion: lemure, Menkaure; peter4's ghost, novice DsBe


Innate Abilities, Weirdness & Mutations

You are a venomous arachnid creature.
You have poisonous fangs.
You are tiny and dextrous.
Your spellcasting is less reliable in this form.
Your armour is entirely melded.
You are incapable of wielding weapons or throwing items.
You cannot wear most types of armour.
((You are amphibious.))
You can wear up to eight rings at the same time.
((Your skin changes colour to match your surroundings (Stealth+).))
((Your rubbery body absorbs attacks. (AC +1, EV +1)))
((You are camouflaged when in or above water. (Stealth+)))
((You have tentacles for arms and can constrict up to eight enemies at once.))


Message History

It was a potion of curing.
You feel better.
N - 2 potions of curing The water moccasin misses you.
The lemure splashes around in the water.
Okay, then.
You closely miss the water moccasin. The water moccasin misses you.
The lemure hits you.
* * * LOW HITPOINT WARNING * * *
The water moccasin barely misses you.
It was a potion of attraction.
You feel attractive to monsters. The water moccasin closely misses you.
The lemure closely misses you.
It was a potion of resistance.
You feel protected.
L - a potion of resistance The water moccasin barely misses you.
The lemure completely misses you.
You hit the water moccasin.
The water moccasin is lightly wounded.
The water moccasin closely misses you.
The lemure splashes around in the water.
The water moccasin barely misses you.
You bite the water moccasin!
The water moccasin is poisoned.
The water moccasin is heavily wounded.
The water moccasin misses you. The lemure hits you but does no damage.
You hit the water moccasin but do no damage.
The water moccasin is heavily wounded.
The water moccasin completely misses you.
Your magical contamination has completely faded away.
You barely miss the water moccasin.
The water moccasin is heavily wounded.
The water moccasin completely misses you.
The lemure hits you.
* * * LOW HITPOINT WARNING * * *
The water moccasin misses you.
You closely miss the water moccasin.
The water moccasin is heavily wounded.
The lemure hits you!
* * * LOW HITPOINT WARNING * * *
The water moccasin bites you!
You die...

### #.###### ##...#..##
### ##........# ##.#
##.P..P...##
#..####...≈.≈≈..#
#...##....sS≈≈.##
##.###...≈≈5≈.≈......#
##.##.....≈≈≈≈P......#
##.......#PP.......8..#
###.......#######.......#
#.......### #.......#
#........###. .......##
#....##.##... ..##....
####...###....#.


You could see a water moccasin (very poisoned) and a lemure.

Vanquished Creatures
  An ogre (D:4)
  A lemure (D:4)
  A water moccasin zombie (D:4)
  2 orc priests
  2 hounds
  2 iguanas
  A scorpion zombie (D:4)
  4 hound zombies (D:4)
  A hound skeleton (D:4)
  12 gnolls
  An adder (D:2)
  An adder skeleton (D:4)
  An adder zombie (D:4)
  A worm (D:3)
  3 dart slugs
  16 orcs
  2 bats
  6 endoplasms
  2 giant cockroaches
  6 goblins
  4 hobgoblins
  6 kobolds
  3 quokkas
  A ball python (D:2)
  2 frilled lizards (D:3)
  2 rats (D:3)
84 creatures vanquished.

Vanquished Creatures (others)
  8 plants (D:3)
  5 withered plants (D:4)
13 creatures vanquished.

Grand Total: 97 creatures vanquished

Notes
Turn   | Place    | Note
-------+----------+-------------------------------------------
     0 | D:1      | buhh the Octopode Transmuter began the quest for the Orb.
     0 | D:1      | Reached XP level 1. HP: 13/13 MP: 3/3
   186 | D:1      | Reached XP level 2. HP: 15/19 MP: 3/5
   406 | D:1      | Reached skill level 2 in Fighting
  1426 | D:2      | Reached XP level 3. HP: 22/25 MP: 4/6
  1565 | D:2      | Learned a level 2 spell: Wereblood
  1569 | D:2      | Learned a level 3 spell: Spider Form
  1720 | D:3      | Found a runed translucent door.
  1720 | D:3      | Noticed a bullfrog
  1720 | D:3      | Noticed blackman's ghost (amateur HOMo)
  1723 | D:3      | Reached skill level 3 in Fighting
  1967 | D:3      | Reached XP level 4. HP: 27/33 MP: 5/7
  2052 | D:3      | Found a runed translucent door.
  2079 | D:4      | Noticed an ogre
  2496 | D:3      | Reached skill level 4 in Fighting
  2893 | D:3      | Reached XP level 5. HP: 32/38 MP: 5/8
  3563 | D:3      | Reached skill level 5 in Fighting
  4567 | D:3      | Reached XP level 6. HP: 21/46 MP: 3/9
  4892 | D:4      | Reached skill level 6 in Fighting
  4898 | D:4      | Found an opulent altar of Gozag.
  4898 | D:4      | Found a burning altar of Makhleb.
  5889 | D:4      | Reached XP level 7. HP: 19/52 MP: 7/10
  6303 | D:4      | Noticed Menkaure
  6314 | D:4      | Found a radiant altar of Vehumet.
  6610 | D:4      | Found a transporter.
  6610 | D:4      | Noticed peter4's ghost (novice DsBe)
  6640 | D:4      | Noticed a wyvern
  7155 | D:4      | Slain by a water moccasin

Illustrated notes

Levels and vault maps discovered:
D:1:      roderic_dead_forest, layout_loops_corners
D:2:      layout_rooms
D:3:      layout_loops_ring, ebering_ghost_sewer_f, nicolae_grassy_gnolls
D:4:      layout_cave_pools, chequers_temple_overflow_statue_of_worship,
          nicolae_vehumet_radiance, serial_undead, serial_undead_b,
          serial_undead_f, serial_undead_e, serial_undead_d, serial_shops,
          nicolae_square_shop, gammafunk_ghost_arena,
          chequers_serial_rivers_micro_a, minmay_misc_feat_chi, uniq_menkaure,
          uniq_pikel

Skill      XL: |  1  2  3  4  5  6  7 |
---------------+----------------------+-----
Stealth        | 1 |  1.0
Fighting       | 2 3 4 5 6 |  6.0
Dodging        | 3 4 |  4.0
Transmutations | 3 4 |  4.0
Unarmed Combat | |  3.0
Spellcasting   | |  2.0

Action                   |  1- 3 |  4- 6 |  7- 9 || total
-------------------------+-------+-------+-------++-------
Melee: Unarmed           |    44 |   183 |    68 ||   295
       Kick              |    23 |     6 |     4 ||    33
       Constrict         |    13 |    10 |     2 ||    25
       Tentacles         |     6 |     2 |     4 ||    12
       Punch             |     1 |     1 |       ||     2
 Cast: Beastly Appendage |    22 |    11 |     4 ||    37
       Spider Form       |       |    22 |    10 ||    32
       Wereblood         |       |     1 |       ||     1
  Use: Potion            |     1 |       |     3 ||     4
       Scroll            |       |     8 |       ||     8
 Stab: Sleeping          |     5 |     3 |       ||     8
Armor: Skin              |     4 |    13 |     3 ||    20
Dodge: Dodged            |    20 |   169 |    68 ||   257

Table legend: (Time is in decaauts)
 A = Elapsed time spent in this place.
 B = Non-inter-level travel time spent in this place.
 C = Inter-level travel time spent in this place.
 D = Time resting spent in this place.
 E = Time spent auto-exploring this place.
 F = Levels seen in this place.
 G = Mean time per level.
                   A        B        C        D        E       F      G
               +--------+--------+--------+--------+--------+-----+--------+
         Total |   7150 |   6828 |    322 |   3033 |   2909 |   4 | 1787.5 |
       Dungeon |   7150 |   6828 |    322 |   3033 |   2909 |   4 | 1787.5 |
               +--------+--------+--------+--------+--------+-----+--------+

Top non-repeatable levels by time:
     D:3: 3625 daAuts
     D:2: 1556 daAuts
     D:4: 1025 daAuts
     D:1: 943 daAuts
